 Dungeon Crawl Stone Soup version 0.31-a0-692-gf03d1854d5 (webtiles) character file.

Game seed: 14357467250783897357

99 qw the Shooter (level 4, -3/28 HPs)
             Began as a Gargoyle Hunter on Sept 6, 2023.
             Slain by a gnoll
             ... wielding a +0 flail
              (9 damage)
             ... on level 3 of the Dungeon.
             The game lasted 00:00:34 (1660 turns).

qw the Shooter (Gargoyle Hunter)                    Turns: 1660, Time: 00:00:34

Health: -3/28      AC:  6    Str: 14    XL:     4   Next: 72%
Magic:  4/4        EV: 11    Int: 10    God:
Gold:   105        SH:  0    Dex: 15    Spells: 3/3 levels left

rFire   . . .        Y - +0 shortbow
rCold   . . .        (shield currently unavailable)
rNeg    + . .        c - +0 leather armour
rPois   inf          (no helmet)
rElec   +            (no cloak)
rCorr   .            (no gloves)
SInv    .            (no boots)
Will    .....        (no amulet)
Stlth   ++           (no ring)
HPRegen 0.24/turn    (no ring)
MPRegen 0.09/turn

%: no passive effects
@: about to teleport
A: sickness immunity, AC +3, negative energy resistance 1, electricity
resistance, torment resistance 1, petrification resistance
a: no special abilities


You were on level 3 of the Dungeon.
You visited 1 branch of the dungeon, and saw 3 of its levels.

You collected 105 gold pieces.


Innate Abilities, Weirdness & Mutations

You are immune to sickness and miasma.
Your stone body is resilient. (AC +3)
You are immune to poison.
You resist negative energy. (rN+)
You are resistant to electric shocks. (rElec)
You are resistant to unholy torment.
You are immune to petrification.


   Skills:
 - Level 3.2 Fighting
 + Level 5.5 Ranged Weapons
 - Level 1.5 Dodging
 - Level 1.1 Stealth


You had 3 spell levels left.
You didn't know any spells.
Your spell library was empty.

Inventory:

Hand Weapons
 Y - a +0 shortbow (weapon)
Armour
 c - a +0 leather armour (worn)
Jewellery
 f - a +4 ring of protection
Scrolls
 g - a scroll of identify
 i - 2 scrolls of teleportation
Potions
 a - a potion of resistance {unknown}
 b - a potion of cancellation {unknown}
 d - a potion of brilliance {unknown}
 e - a potion of degeneration {unknown}
 h - a potion of enlightenment {unknown}
 j - a potion of invisibility {unknown}
 k - a potion of mutation {unknown}

Dungeon Overview and Level Annotations

Branches:
Dungeon (3/15)

Altars:


Message History

The gnoll shouts!
The gnoll is heavily wounded.
You shoot an arrow. The arrow closely misses the gnoll.
A gnoll comes into view. It is wielding a +0 club.
Enter note:
Enter note:
1653 |||
Found retreat position at 3,0 (floor) with 0 blocking monsters and 1 monsters attacking at destination at distance 3
Enter note:
Enter note:
1653 ||| Stepping ~*~*~tactically~*~*~ (retreating).
Enter note:
Enter note:
1654 |||
Found retreat position at 2,0 (floor) with 0 blocking monsters and 1 monsters attacking at destination at distance 2
1654 ||| Stepping ~*~*~tactically~*~*~ (retreating).
The gnoll attacks as it pursues you! The gnoll closely misses you.
You shoot an arrow.
The arrow hits the gnoll but does no damage.
The gnoll is heavily wounded.
The gnoll hits you with a +0 flail! The gnoll closely misses you.
Enter note:
Enter note:
1656 |||
Found retreat position at 1,0 (floor) with 0 blocking monsters and 1 monsters attacking at destination at distance 1
1656 ||| Stepping ~*~*~tactically~*~*~ (retreating).
The gnoll attacks as it pursues you! The gnoll closely misses you.
You shoot an arrow. The arrow barely misses the gnoll.
The arrow closely misses the gnoll.
The gnoll hits you with a +0 flail.
You shoot an arrow. The arrow barely misses the gnoll. x2
The gnoll hits you with a +0 flail. x2
You shoot an arrow. The arrow closely misses the gnoll.
The arrow hits the gnoll.
The gnoll is heavily wounded.
You hear a shout!
The gnoll hits you with a +0 flail.
1660 ||| READING 3 scrolls of teleportation.
As you read the scroll of teleportation, it crumbles to dust.
You feel strangely unstable.
A gnoll comes into view. It is wielding a +0 spear.
The gnoll hits you with a +0 flail!
You die...

#.######.##. #..>......## #
#####...####### # #.
##.......# #.#.#
.##.....#.#
....###.#......#.# #.....
#........#
...#..#g###......### ###
........gg@......... #..
.......#g###.....########.#
..........##.....# #......
......~~~..#.....# #......
.....~~8~~.####### #......
....######## #...... ....
#...... #.. #.......
#...####


You could see 4 gnolls.

Vanquished Creatures
  3 adders (D:2)
  3 gnolls (D:2)
  A dart slug (D:2)
  3 bats
  2 endoplasms (D:3)
  A giant cockroach (D:3)
  5 goblins
  6 hobgoblins
  A quokka (D:3)
  6 ball pythons (D:1)
  3 frilled lizards (D:1)
  4 kobolds
  6 rats
44 creatures vanquished.

Notes
Turn   | Place    | Note
-------+----------+-------------------------------------------
     0 | D:1      | qw the Gargoyle Hunter began the quest for the Orb.
     0 | D:1      | Reached XP level 1. HP: 12/12 MP: 1/1
     0 | D:1      | 0 ||| qw: Version: 0.3-a-76-g4403597
     0 | D:1      | 0 ||| qw: Game counter: 180
     0 | D:1      | 0 ||| qw: Melee chars always use a shield: true
     0 | D:1      | 0 ||| qw: God list: Okawaru
     0 | D:1      | 0 ||| qw: Allow faded altars: false
     0 | D:1      | 0 ||| qw: Do Orc after clearing Dungeon:15 true
     0 | D:1      | 0 ||| qw: Do second Lair branch before Depths: true
     0 | D:1      | 0 ||| qw: Lair rune preference: random
     0 | D:1      | 0 ||| qw: Goals: Normal
     0 | D:1      | 0 ||| PLANNING D:1-11
   190 | D:1      | Reached XP level 2. HP: 17/17 MP: 2/2
   285 | D:1      | 285 ||| READING scroll labelled QIETAE OCVEXIO.
   810 | D:1      | 810 ||| DROPPING scroll of butterflies.
   853 | D:2      | Reached skill level 5 in Ranged Weapons
   853 | D:2      | Reached XP level 3. HP: 15/21 MP: 3/3
  1038 | D:2      | 1038 ||| RETREATING.
  1040 | D:2      | 1040 ||| Stepping ~*~*~tactically~*~*~ (retreating).
  1051 | D:2      | Reached skill level 3 in Fighting
  1051 | D:2      | Reached XP level 4. HP: 20/28 MP: 4/4
  1507 | D:2      | 1507 ||| READING scroll labelled KEPRIE PYAL.
  1508 | D:2      | 1508 ||| READING 2 scrolls labelled IFEYBA BEDA.
  1653 | D:3      | 1653 ||| Stepping ~*~*~tactically~*~*~ (retreating).
  1654 | D:3      | 1654 ||| Stepping ~*~*~tactically~*~*~ (retreating).
  1656 | D:3      | 1656 ||| Stepping ~*~*~tactically~*~*~ (retreating).
  1659 | D:3      | HP: 6/28 [gnoll/+0 flail (5)]
  1660 | D:3      | 1660 ||| READING 3 scrolls of teleportation.
  1660 | D:3      | Slain by a gnoll

Levels and vault maps discovered:
D:1:      dpeg_arrival_three_same_balls, layout_basic,
          nicolae_concentric_dashed_squares_mild, minmay_tetromino_s4
D:2:      layout_loops_ring, serial_bayou_crossing
D:3:      layout_basic, lemuel_coloured_pillars_altar, hangedman_decor_push,
          moated_statue

Skill      XL: |  1  2  3 |
---------------+----------+-----
Ranged Weapons | 5 |  5.5
Fighting       | 3 |  3.2
Dodging        | |  1.5
Stealth        | |  1.1

Action                     |  1- 3 |  4- 6 || total
---------------------------+-------+-------++-------
   Fire: Shortbow          |    91 |    42 ||   133
    Use: Scroll            |     1 |     3 ||     4
 Armour: Leather armour    |    29 |    10 ||    39
  Dodge: Dodged            |    18 |     8 ||    26

Table legend:
 A = Non-vault XP
 B = Vault XP
 C = Vault XP percentage of total XP
 D = Non-vault monster count
 E = Vault monster count
 F = Vault count percentage of total count
                 A         B        C        D         E       F
            +---------+---------+-------+---------+---------+-------
      Total |     140 |       2 |   1.4 |      42 |       2 |   4.5
            +---------+---------+-------+---------+---------+-------
        D:1 |      31 |       2 |   6.1 |      22 |       2 |   8.3
        D:2 |      90 |       0 |   0.0 |       9 |       0 |   0.0
        D:3 |      19 |       0 |   0.0 |      11 |       0 |   0.0
            +---------+---------+-------+---------+---------+-------
